 Dungeon Crawl Stone Soup version 0.13-a0-2318-gf5ad1f9 (webtiles) character file.

284 Lekart the Skirmisher (level 4, -3/38 HPs)
             Began as a Draconian Chaos Knight on July 10, 2013.
             Was a Plaything of Xom.
             Slain by an orc
             ... wielding a +0,+1 orcish flail
              (5 damage)
             ... on Level 4 of the Dungeon.
             The game lasted 00:11:35 (2110 turns).

Lekart the Skirmisher (Draconian Chaos Knight)      Turns: 2110, Time: 00:11:36

HP  -3/38        AC  5     Str 14      XL: 4   Next: 69%
MP   4/4         EV 12     Int 13      God: Xom
Gold 168         SH  6     Dex 11      Spells:  0 memorised,  3 levels left

Res.Fire  : . . .   See Invis. : .   p - +0 dwarf hammer (drain)
Res.Cold  : . . .   Warding    : .   (armour unavailable)
Life Prot.: . . .   Conserve   : .   i - +0 buckler
Res.Poison: .       Res.Corr.  : .   (helmet restricted)
Res.Elec. : .       Clarity    : .   (no cloak)
Sust.Abil.: . .     Spirit.Shd : .   (no gloves)
Res.Mut.  : .       Stasis     : .   (no boots)
Res.Rott. : .       Flight     : +   (no amulet)
Saprovore : . . .                    (no ring)
                                     (no ring)

@: flying, slightly resistant to hostile enchantments, unstealthy
A: unfitting armour, AC +5
a: Renounce Religion


You were on level 4 of the Dungeon.
You worshipped Xom.
You were a toy of Xom.
You were hungry.

You visited 1 branch of the dungeon, and saw 4 of its levels.

You collected 148 gold pieces.

Inventory:

Hand weapons
 a - a +0,+0 hand axe of chaos {=f}
 p - a +0,+0 dwarven hammer of draining (weapon)
Armour
 i - a +0 buckler (worn)
Comestibles
 c - 3 bread rations
 l - a pear
 r - a chunk of hobgoblin flesh
Scrolls
 b - a scroll of enchant weapon II {unknown}
 f - 5 scrolls of teleportation {unknown}
 g - 2 scrolls of identify
 h - a scroll of fog
 j - a scroll of recharging {unknown}
 n - a scroll of noise {unknown}
 o - a scroll of enchant weapon I {unknown}
 s - a scroll of fear {unknown}
 u - a scroll of amnesia {unknown}
Jewellery
 k - a +3 ring of intelligence {unknown}
Potions
 d - a potion of degeneration
 e - a potion of curing
 t - a potion of blood {unknown}


   Skills:
 + Level 4.3 Fighting
 - Level 3.8 Axes
 + Level 0.0 Maces & Flails
 * Level 3.1 Dodging
 - Level 0.4 Stealth
 + Level 1.0 Unarmed Combat


You had 3 spell levels left.
You didn't know any spells.

Dungeon Overview and Level Annotations

Branches:
Dungeon (4/27)
 Temple: D:4-7

Altars:
Makhleb
Zin

Annotations
D:3 tesudzi's ghost, weakling DsGl


Message History

You feel less confused. The orc hits you with an orcish flail.
* * * LOW HITPOINT WARNING * * *
Your shield prevents you from hitting the orc.
The orc misses you. The orc barely misses you.
You closely miss the orc.
Your tail-slap misses the orc.
The orc hits you with an orcish dagger.
* * * LOW HITPOINT WARNING * * *
You block the orc's attack.
The orc hits you with a glowing orcish mace.
* * * LOW HITPOINT WARNING * * *
The orc priest hits you with an orcish whip.
* * * LOW HITPOINT WARNING * * *
Drink which item? (? for menu, Esc to quit)
You feel very buoyant.
You fly up into the air.
It was a potion of flight.
Xom thinks this is hilarious!
The orc barely misses you. The orc hits you with an orcish flail.
You die...
Xom is highly amused!

##########
#........#
#........#
#....o@..#
#....ooo.#
#........#
#......[.#
#....>.<.#
............
.############


You could see an orc priest and 3 orcs.

Vanquished Creatures
  Crazy Yiuf (D:2)
  2 adders (D:2)
  A giant mite (D:1)
  A worm (D:2)
  2 giant geckos
  7 bats
  4 giant cockroaches (D:2)
  11 hobgoblins
  6 jackals
  8 kobolds
  A giant newt (D:2)
  10 rats
  A fungus (D:2)
55 creatures vanquished.

Vanquished Creatures (others)
  A goblin (D:1)
  A rat (D:3)
2 creatures vanquished.

Grand Total: 57 creatures vanquished

Notes
Turn   | Place    | Note
--------------------------------------------------------------
     0 | D:1      | Lekart, the Draconian Chaos Knight, began the quest for the Orb.
     0 | D:1      | Reached XP level 1. HP: 17/17 MP: 1/1
    19 | D:1      | XOM: harmless Tloc miscast
    53 | D:1      | XOM: silly message
    59 | D:1      | Reached XP level 2. HP: 24/24 MP: 2/2
   243 | D:1      | XOM: harmless Summ miscast
   355 | D:1      | XOM: harmless Conj miscast
   900 | D:1      | Reached XP level 3. HP: 28/30 MP: 3/3
  1117 | D:2      | XOM: divination: magic mapping
  1208 | D:2      | Reached skill level 4 in Fighting
  1234 | D:2      | Found a burning altar of Makhleb.
  1234 | D:2      | Noticed a blizzard demon
  1239 | D:2      | Found a glowing silver altar of Zin.
  1239 | D:2      | Noticed an angel
  1367 | D:2      | Reached XP level 4. HP: 38/38 MP: 4/4
  1500 | D:2      | XOM: colour smoke trail
  1706 | D:2      | Noticed Crazy Yiuf
  1707 | D:2      | XOM: potion effect (might)
  1715 | D:2      | Killed Crazy Yiuf
  1821 | D:3      | Noticed tesudzi's ghost (weakling DsGl)
  1821 | D:3      | XOM: potion effect (brilliance)
  1891 | D:3      | Reached skill level 1 in Unarmed Combat
  2087 | D:3      | XOM: divination: detect creatures
  2110 | D:4      | Slain by an orc

Action                   |  1- 3 |  4- 6 || total
-------------------------+-------+-------++-------
Melee: Hand axe          |   113 |    61 ||   174
       Hammer            |       |    27 ||    27
  Use: Scroll            |     2 |       ||     2
       Potion            |       |     3 ||     3
 Stab: Sleeping          |     1 |       ||     1
